 Dungeon Crawl Stone Soup version 0.26.0-10-g1f06aea511 (webtiles) character file.

Game seed: 14371315040649748461

218 Borgoz the Slasher (level 5, 0/45 HPs)
             Began as a Ghoul Gladiator on Jan 18, 2021.
             Was an Initiate of Okawaru.
             Killed from afar by an orc wizard (7 damage)
             ... with a puff of flame
             ... on level 2 of the Dungeon.
             The game lasted 00:03:15 (2073 turns).

Borgoz the Slasher (Ghoul Gladiator)                Turns: 2073, Time: 00:03:16

Health: 0/45       AC:  4    Str: 18    XL:     5   Next: 95%
Magic:  5/5        EV: 12    Int:  9    God:    Okawaru [......]
Gold:   56         SH:  0    Dex: 11    Spells: 4/4 levels left

rFire    . . .     SeeInvis .   a - +0 long sword
rCold    + . .     Faith    .   (no shield)
rNeg     + + +     Spirit   .   b - +0 leather armour
rPois    ∞         Reflect  .   c - +0 helmet
rElec    .         Harm     .   (no cloak)
rCorr    .         Rampage  .   (no gloves)
Will     .....                  (no boots)
Stlth    +.........             (no amulet)
HPRegen  0.00/turn              h - +6 ring of intelligence
MPRegen  0.09/turn              (no ring)

@: no status effects
A: claws 1, cold resistance 1, negative energy resistance 3, inhibited
regeneration, torment resistance, unbreathing
a: Renounce Religion


You were on level 2 of the Dungeon.
You worshipped Okawaru.
Okawaru was noncommittal.
You visited 1 branch of the dungeon, and saw 4 of its levels.

You collected 56 gold pieces.

Inventory:

Hand Weapons
 a - a +0 long sword (weapon)
Missiles
 d - a throwing net (quivered)
Armour
 b - a +0 leather armour (worn)
 c - a +0 helmet (worn)
Jewellery
 h - a +6 ring of intelligence (left claw)
Scrolls
 e - a scroll of teleportation
 f - a scroll of remove curse {unknown}
 k - a scroll of fear {unknown}
 l - a scroll of blinking {unknown}
Potions
 g - 3 potions of ambrosia {unknown}
 i - a potion of curing {unknown}
 j - a potion of mutation {unknown}


   Skills:
 + Level 3.1 Fighting
 * Level 3.8 Long Blades
 - Level 1.7 Throwing
 * Level 2.5 Armour
 + Level 3.3 Dodging
 + Level 1.5 Invocations


You had 4 spell levels left.
You didn't know any spells.
Your spell library was empty.

Dungeon Overview and Level Annotations

Branches:
Dungeon (4/15)
 Temple: D:4-7

Altars:
Gozag
Okawaru


Innate Abilities, Weirdness & Mutations

You thrive by killing the living.
You are immune to poison.
You have sharp fingernails.
Your flesh is cold resistant. (rC+)
You are immune to negative energy. (rN+++)
You do not regenerate when monsters are visible.
You are immune to unholy pain and torment.
You can survive without breathing.


Message History

You are too injured to fight recklessly!
You are too injured to fight recklessly!
You completely miss something. Something hits you.
You hit something. Something hits you but does no damage.
You completely miss something.
You hear some strange, mumbled words.
A puff of flame appears from out of thin air!
The puff of flame hits you!
* * * LOW HITPOINT WARNING * * *
Something hits you but does no damage.
You closely miss something.
Something hits you but does no damage. x2
You barely miss something.
You hear some strange, mumbled words.
A puff of flame appears from out of thin air!
The puff of flame hits you.
* * * LOW HITPOINT WARNING * * *
You hear some strange, mumbled words.
A puff of flame appears from out of thin air!
The puff of flame hits you!
You die...

..##...#......####.........###...
..##.........## ##.......## #...
..#####..##.## ##.....## ##.# .÷#
##....# ##...## #.. ..# ##.###
##'## ### #.# #.# #.# #.# #.# #.#
#.# #.############.## #.#
#.##..o{@..##...######### #.#
#.##.#####.#.......†..... #.#
#.##.##..........######## #.#
#.......##.###.### ..#
####.#####.# ### ### #..<....#
#########


You could see an orc.

Vanquished Creatures
  An ogre (D:4)
  A hound (D:4)
  A worker ant (D:4)
  2 adders
  An ooze (D:2)
  2 dart slugs (D:1)
  A leopard gecko (D:2)
  2 orcs (D:2)
  7 bats
  3 giant cockroaches
  7 hobgoblins
  3 jackals (D:2)
  8 kobolds
  A quokka (D:3)
  4 frilled lizards
  4 goblins
  4 rats
52 creatures vanquished.

Notes
Turn   | Place    | Note
-------+----------+-------------------------------------------
     0 | D:1      | Borgoz the Ghoul Gladiator began the quest for the Orb.
     0 | D:1      | Reached XP level 1. HP: 17/17 MP: 0/0
   129 | D:1      | Reached XP level 2. HP: 25/25 MP: 1/1
   144 | D:1      | Reached skill level 1 in Armour
   549 | D:1      | Reached XP level 3. HP: 30/30 MP: 2/2
   962 | D:2      | Found an iron altar of Okawaru.
   967 | D:2      | Became a worshipper of Warmaster Okawaru
   992 | D:2      | You fall into a shaft and drop 2 floors!
  1017 | D:4      | Reached XP level 4. HP: 21/37 MP: 3/3
  1175 | D:4      | Noticed an ogre
  1191 | D:4      | Killed an ogre
  1192 | D:4      | Reached skill level 1 in Invocations
  1192 | D:4      | Reached XP level 5. HP: 45/45 MP: 3/5
  1840 | D:2      | Found an opulent altar of Gozag.
  2073 | D:2      | Killed from afar by an orc wizard

Illustrated notes

Levels and vault maps discovered:
D:1:      minmay_arrival_three_doors, layout_basic, minmay_three_crescents
D:2:      layout_loops_corners, grunt_gozag_statues, okawaru_metal_pillars_3
D:3:      layout_basic, grunt_ministairs_12
D:4:      minmay_spotlight, layout_loops_cross

Skill      XL: |  1  2  3  4 |
---------------+-------------+-----
Long Blades    | 3 |  3.8
Armour         | 1 2 |  2.5
Dodging        | 3 |  3.3
Fighting       | 3 |  3.1
Invocations    | 1 |  1.5
Throwing       | |  1.7

Action                   |  1- 3 |  4- 6 || total
-------------------------+-------+-------++-------
Melee: Long sword        |    70 |    74 ||   144
Throw: Throwing net      |       |     2 ||     2
  Use: Scroll            |     3 |     2 ||     5
 Stab: Held in net/web   |       |     1 ||     1
Armor: Leather armour    |    18 |    32 ||    50
Dodge: Dodged            |    77 |    48 ||   125
       Rpst.: Long sword |    23 |    14 ||    37
